 Dungeon Crawl Stone Soup version 0.21.1-1-g345015f (webtiles) character file.

517 MajorAdolf the Insei (level 7, 0/43 HPs)
             Began as an Octopode Transmuter on Mar 31, 2018.
             Was an Initiate of Sif Muna.
             Shot with an arrow by a centaur (11 damage)
             ... on level 5 of the Dungeon.
             The game lasted 00:17:06 (4006 turns).

MajorAdolf the Insei (Octopode Transmuter)          Turns: 4006, Time: 00:17:06

Health: 0/43       AC:  6    Str: 10    XL:     7   Next: 20%
Magic:  8/10       EV: 21    Int: 15    God:    Sif Muna [......]
Gold:   189        SH:  0    Dex: 19    Spells: 4/10 levels left

rFire    . . .     SeeInvis .     - Unarmed
rCold    . . .     Gourm    .   (shield currently unavailable)
rNeg     . . .     Faith    .   (helmet currently unavailable)
rPois    x         Spirit   .   h - amulet of magic regeneration
rElec    .         Reflect  .   e - +4 ring of protection (curse)
rCorr    .         Harm     .   (no ring)
MR       .....                  (no ring)
Stlth    +++.......             (no ring)
HPRegen  0.14/turn              (no ring)
MPRegen  0.37/turn              (no ring)
                                (no ring)
                                (no ring)

@: spider-form (expiring), very slightly contaminated
A: tiny, almost no armour, stealthy swim, (amphibious), 8 rings, (constrict 8)
a: End Transformation, Renounce Religion


You were on level 5 of the Dungeon.
You worshipped Sif Muna.
Sif Muna was noncommittal.
You were hungry.
You were a venomous arachnid creature.
You visited 1 branch of the dungeon, and saw 5 of its levels.

You collected 189 gold pieces.

Inventory:

Missiles
 a - 145 arrows
Jewellery
 e - a cursed +4 ring of protection (left front leg)
 h - an amulet of magic regeneration (around neck)
 i - an uncursed amulet of harm
Scrolls
 f - a scroll of teleportation
 j - a scroll of identify
Potions
 d - a potion of magic
 g - a potion of might
 m - 2 potions of heal wounds
 n - a potion of lignification
 p - a potion of resistance
Books
 b - a book of Changes

   Spells                             Type                      Level
   a - Beastly Appendage              Transmutation                1
   b - Sticks to Snakes               Transmutation                2
   c - Spider Form                    Transmutation/Poison         3
   d - Ice Form                       Ice/Transmutation            4
   e - Blade Hands                    Transmutation                5
Comestibles
 c - 14 rations


   Skills:
 + Level 1.4 Fighting
 + Level 2.7 Dodging
 + Level 3.1 Stealth
 + Level 6.2 Unarmed Combat
 - Level 2.0 Spellcasting
 - Level 3.0 Transmutations
 - Level 3.0 Poison Magic


You had 4 spell levels left.
You knew the following spells:

 Your Spells              Type           Power        Failure   Level  Hunger
a - Beastly Appendage     Tmut           ##....       17%         1    #......
b - Sticks to Snakes      Tmut           ##......     24%         2    ###....
c - Spider Form           Tmut/Pois      ##........   38%         3    ###....


Dungeon Overview and Level Annotations

Branches:
Dungeon (5/15)
 Temple: D:4-7

Altars:
Makhleb
Nemelex Xobeh
Sif Muna

Annotations:
D:3 Kairos's ghost, amateur HuFi
D:4 Blork the orc; Natasha


Innate Abilities, Weirdness & Mutations

You cannot wear most types of armour.
You are very stealthy in the water. (Stealth+)
((You are amphibious.))
You can wear up to eight rings at the same time.
((You can use your tentacles to constrict eight enemies at once.))
((Your skin changes colour to match your surroundings (Stealth+).))
((Your rubbery body absorbs attacks. (AC +1, EV +1)))


Message History

Casting: Spider Form
Confirm with . or Enter, or press ? or * to list all spells.
You miscast Spider Form.
You are very lightly contaminated with residual magic.
You feel faint for a moment.
Casting: Spider Form
Confirm with . or Enter, or press ? or * to list all spells.
You turn into a venomous arachnid creature.
You are feeling hungry.
The centaur shoots an arrow.
The arrow hits you!
The centaur shoots an arrow.
The arrow completely misses you.
The centaur shoots an arrow.
The arrow hits you.
You see here an arrow.
The centaur shoots an arrow.
The arrow hits you.
* * * LOW HITPOINT WARNING * * *
You see here an arrow.
Your transformation is almost over.
The centaur shoots an arrow.
The arrow closely misses you.
The centaur shoots an arrow.
The arrow hits you!
You die...

#.....................c#
#.....................(#
##########.####.#.####.#
#.####...# ##(# #.......## #..#
#.....### #.## #.....######c#
#..........((# ######s#######
#.# #.#
################.##############
#..........................)..#
#.##############.############.#
#.# #............# #......#.#
#.# #.############ #.####.#.#
#.# #.# #.# #.#.#


You could see a centaur.

Vanquished Creatures
  An ice beast (D:5)
  A sky beast (D:5)
  A centaur (D:5)
  2 crimson imps (D:5)
  A jelly (D:5)
  An orc wizard (D:4)
  A hound zombie (D:5)
  3 adders
  A shadow imp (D:4)
  3 worms (D:2)
  A dart slug (D:1)
  9 orcs
  4 bats
  4 giant cockroaches
  4 hobgoblins
  8 jackals (D:5)
  3 quokkas
  2 ball pythons
  2 frilled lizards
  2 goblins
  10 kobolds
  A leopard gecko zombie (D:5)
  4 rats
69 creatures vanquished.

Notes
Turn   | Place    | Note
-------+----------+-------------------------------------------
     0 | D:1      | MajorAdolf the Octopode Transmuter began the quest for the Orb.
     0 | D:1      | Reached XP level 1. HP: 13/13 MP: 3/3
   270 | D:1      | Reached XP level 2. HP: 17/18 MP: 3/5
   427 | D:1      | Learned a level 2 spell: Sticks to Snakes
   743 | D:2      | Reached XP level 3. HP: 23/23 MP: 4/6
  1134 | D:2      | Noticed a phantom
  1302 | D:1      | Learned a level 3 spell: Spider Form
  1348 | D:2      | Found a burning altar of Makhleb.
  1348 | D:2      | Found a deep blue altar of Sif Muna.
  1374 | D:2      | Became a worshipper of Sif Muna the Loreminder
  1449 | D:2      | Reached skill level 1 in Poison Magic
  1548 | D:2      | Found a sparkling altar of Nemelex Xobeh.
  1696 | D:2      | Reached XP level 4. HP: 18/28 MP: 4/7
  2451 | D:3      | Found a faded altar of an unknown god.
  2549 | D:3      | Noticed Kairos's ghost (amateur HuFi)
  2808 | D:4      | Reached skill level 4 in Unarmed Combat
  2808 | D:4      | Reached XP level 5. HP: 18/33 MP: 4/8
  3013 | D:4      | Noticed Natasha
  3113 | D:4      | Noticed Blork the orc
  3161 | D:5      | Entered Level 5 of the Dungeon
  3224 | D:5      | Reached skill level 1 in Stealth
  3266 | D:5      | Noticed a sky beast
  3275 | D:5      | Killed a sky beast
  3275 | D:5      | Reached XP level 6. HP: 38/38 MP: 7/9
  3344 | D:5      | Reached skill level 5 in Unarmed Combat
  3504 | D:5      | Noticed an ice beast
  3517 | D:5      | Killed an ice beast
  3647 | D:5      | Reached XP level 7. HP: 43/43 MP: 10/10
  3653 | D:5      | Reached skill level 6 in Unarmed Combat
  4006 | D:5      | Shot with an arrow by a centaur

Skill      XL: |  1  2  3  4  5  6  7 |
---------------+----------------------+-----
Transmutations | 3 |  3.0
Poison Magic   | 2 3 |  3.0
Unarmed Combat | 4 5 6 |  6.2
Stealth        | 2 3 |  3.1
Fighting       | |  1.4
Dodging        | |  2.7
Spellcasting   | |  2.0

Action                   |  1- 3 |  4- 6 |  7- 9 || total
-------------------------+-------+-------+-------++-------
Melee: Unarmed           |    79 |   101 |     4 ||   184
       Kick              |    20 |     3 |       ||    23
       Constrict         |    19 |     8 |       ||    27
       Tentacles         |    10 |     8 |       ||    18
       Punch             |     1 |       |       ||     1
 Cast: Beastly Appendage |    22 |     6 |       ||    28
       Spider Form       |     5 |    13 |     2 ||    20
       Sticks to Snakes  |     1 |       |       ||     1
  Use: Scroll            |       |    12 |       ||    12
 Stab: Sleeping          |     8 |     6 |       ||    14
  Eat: Chunk             |     3 |     5 |     1 ||     9
       Ration            |       |     1 |       ||     1
Armor: Skin              |     1 |     8 |       ||     9
Dodge: Dodged            |    55 |    64 |     8 ||   127
